 Dungeon Crawl Stone Soup version 0.27-a0-1185-ga233589e6f (webtiles) character file.

Game seed: 7963618922928694852

15707 Morbidden the Carver (level 12, 0/94 HPs)
             Began as a Demonspawn Fighter on May 19, 2021.
             Was an Elder of Vehumet.
             Succumbed to Josephine's poison
             ... on level 15 of the Dungeon.
             The game lasted 00:27:16 (17511 turns).

Morbidden the Carver (Demonspawn Fighter)          Turns: 17511, Time: 00:27:16

Health: 0/94       AC: 10    Str: 25    XL:     12   Next: 3%
Magic:  19/19      EV: 15    Int: 17    God:    Vehumet [****..]
Gold:   616        SH: 11    Dex: 20    Spells: 8/21 levels left

rFire    . . .     SeeInvis .   a - +11 rapier "Ygreu" {venom, rC+ Str+4}
rCold    + . .     Faith    .   c - +0 kite shield
rNeg     . . .     Spirit   .   p - +0 steam dragon scales
rPois    .         Reflect  .   (no helmet)
rElec    .         Harm     .   A - +2 cloak of Defence {Str+2}
rCorr    .         Rampage  .   j - +0 pair of gloves
Will     .....                  (boots unavailable)
Stlth    ++........             (no amulet)
HPRegen  0.25/turn              M - +6 ring of dexterity
MPRegen  0.16/turn              (no ring)

@: lethally poisoned (0 -> -7), silenced, slowed, very slow
A: hooves 3, foul stench 1, big brain 3, demonic magic 2, bedeviling
a: Renounce Religion


You were on level 15 of the Dungeon.
You worshipped Vehumet.
Vehumet was greatly pleased with you.
You visited 1 branch of the dungeon, and saw 14 of its levels.
You also visited: Ossuary.

You collected 756 gold pieces.
You spent 140 gold pieces at shops.

Inventory:

Hand Weapons
 a - the +11 rapier "Ygreu" (weapon) {venom, rC+ Str+4}
   (You found it on level 10 of the Dungeon)

   It poisons the flesh of those it strikes.
   It affects your strength (+4).
   It protects you from cold.
 b - a +2 hand crossbow of freezing
 q - a +0 long sword
Missiles
 y - 3 datura-tipped darts (quivered)
 z - 68 bolts
 B - 12 poisoned darts
 E - 12 boomerangs
 N - 2 throwing nets
Armour
 c - a +0 kite shield (worn)
 j - a +0 pair of gloves (worn)
 p - +0 steam dragon scales (worn)
 A - the +2 cloak of Defence (worn) {Str+2}
   (You found it on level 5 of the Dungeon)

   It affects your strength (+2).
Magical Staves
 v - a staff of air
Jewellery
 l - a ring of fire
 r - a ring of poison resistance
 M - a +6 ring of dexterity (left hand)
Wands
 i - a wand of iceblast (3)
 o - a wand of paralysis (6)
 w - a wand of polymorph (9)
 D - a wand of mindburst (15)
 K - a wand of acid (7)
Scrolls
 g - 8 scrolls of identify
 k - a scroll of immolation
 n - 2 scrolls of blinking {unknown}
 s - a scroll of magic mapping
 u - 3 scrolls of fog
 x - 2 scrolls of enchant weapon {unknown}
 C - 3 scrolls of amnesia {unknown}
 F - a scroll of fear {unknown}
 G - a scroll of brand weapon {unknown}
 H - a scroll of silence
 L - 3 scrolls of summoning {unknown}
Potions
 d - 3 potions of might
 e - 2 potions of lignification
 f - 6 potions of ambrosia
 h - 2 potions of flight
 m - 2 potions of magic
 t - 2 potions of berserk rage
 I - a potion of degeneration {unknown}
Miscellaneous
 J - a phantom mirror


   Skills:
 * Level 8.6 Fighting
 + Level 3.5(6.6) Short Blades
 * Level 8.8(9.1) Long Blades
 + Level 4.3 Crossbows
 + Level 0.7 Throwing
 + Level 4.5 Armour
 * Level 7.0 Dodging
 + Level 3.7 Stealth
 + Level 5.9 Shields
 * Level 5.1 Spellcasting
 * Level 4.8 Conjurations
 - Level 3.0 Transmutations
 + Level 0.7 Evocations


You had 8 spell levels left.
You knew the following spells:

 Your Spells              Type           Power      Damage    Failure   Level
a - Magic Dart            Conj           80%        1d7       1%          1
b - Irradiate             Conj/Tmut      8%         3d16      24%         5
c - Orb of Destruction    Conj           10%        9d5       98%         7

Your spell library contained the following spells:

 Spells                   Type           Power      Damage    Failure   Level
 Conjure Flame            Conj/Fire      12%        6-21      6%          3
 Mephitic Cloud           Conj/Pois/Air  9%         N/A       8%          3
 Summon Small Mammal      Summ           16%        N/A       17%         1
 Blink                    Tloc           N/A        N/A       26%         2
 Call Imp                 Summ           4%         N/A       26%         2
 Slow                     Hex            6%         N/A       26%         2
 Call Canine Familiar     Summ           4%         N/A       45%         3
 Summon Guardian Golem    Hex/Summ       6%         N/A       45%         3
 Summon Ice Beast         Ice/Summ       4%         N/A       85%         4
 Summon Lightning Spire   Summ/Air       4%         N/A       85%         4


Dungeon Overview and Level Annotations

Branches:
Dungeon (14/15)            Temple (0/1) D:4            Lair (0/6) D:9
Ossuary (visited)
    Orc: D:9-12      Vaults: D:13-14

Altars:
Ashenzari
Cheibriados
Fedhas
Gozag
Hepliaklqana
Okawaru
Qazlal
Ru
Sif Muna
Trog
Uskayaw
Vehumet
Xom
Yredelemnul
Zin
The Shining One

Shops:
D:8 (   D:9 *

Annotations:
D:15 Josephine


Innate Abilities, Weirdness & Mutations

You have hooves in place of feet.
You may rarely emit foul miasma when damaged in melee.
You have an absolutely massive brain. (Int +6, Wiz)
Spells you cast may paralyse nearby enemies.
Your maledictions are enhanced.


Message History

* * * LOW HITPOINT WARNING * * *
You puncture the wraith!
You destroy the wraith!
Vehumet accepts your kill.
Your Dodging skill increases to level 7!
Josephine and a deep elf zephyrmancer come into view.
Josephine is wielding a +2 dagger of venom.
The deep elf zephyrmancer shouts!
Josephine shouts!
You hear a shout!
Josephine laughs insanely.
Josephine moves out of view. 3 wraiths come into view.
A wraith comes into view.
Josephine grins malevolently.
The deep elf zephyrmancer barely misses you.
The wraith moves out of view. x2
You puncture the deep elf zephyrmancer!
The deep elf zephyrmancer is poisoned.
You kick the deep elf zephyrmancer, but do no damage.
The deep elf zephyrmancer is moderately wounded.
You block the deep elf zephyrmancer's attack.
A deep elf zephyrmancer comes into view.
It is wielding a +0 rapier.
A centaur warrior simulacrum comes into view.
Unknown command.
Unknown command.
The deep elf zephyrmancer gestures wildly while chanting.
The deep elf zephyrmancer blinks!
Josephine laughs insanely.
You block Josephine's attack.
The deep elf zephyrmancer casts a spell at you.
The bolt of lightning hits you!!
* * * LOW HITPOINT WARNING * * *
You see here 9 bolts.
Unknown command.
Okay, then.
Okay, then.
As you read the scroll labelled KOLIPS NUMISK, it crumbles to dust.
A profound silence engulfs you.
It was a scroll of silence.
Josephine hits you but does no damage.
You are lethally poisoned!
You block the deep elf zephyrmancer's attack.
Unknown command.
You die...

######
##.e...##
##WW...e.#
#e@# W
#.(# #.@#
#§§# #§.#
##§§.
#....
##+##


You could see Josephine, a deep elf zephyrmancer (very poisoned) and 2 wraiths.

Vanquished Creatures
  2 centaur warriors (D:13)
  2 two-headed ogres
  A glowing orange brain (shapeshifter) (D:13)
  A wizard (D:15)
  2 ugly things
  A cyclops (D:14)
  A queen bee (D:9)
  A wyvern (D:10)
  3 wraiths
  17 yaks
  A basilisk (D:13)
  A steam dragon (D:6)
  4 chaos spawn
  3 vampire mosquitoes (D:13)
  Duvessa (D:5)
  5 water moccasins
  2 ice beasts
  3 orc warriors
  2 black bears (D:4)
  6 sky beasts
  3 necrophages (D:5)
  2 ogres (D:6)
  A phantom (D:5)
  9 centaurs
  A kobold brigand (D:8)
  2 bullfrogs
  A gnoll sergeant (D:9)
  A wyvern zombie (D:8)
  7 water moccasin zombies
  Dowan (D:5)
  27 killer bees (D:9)
  3 howler monkeys
  2 centaur zombies
  A bullfrog zombie (D:5)
  2 jellies
  6 hounds
  A gnoll shaman (D:9)
  An iron imp (D:7)
  2 orc priests
  Jessica (D:3)
  7 iguanas
  21 gnolls
  A scorpion zombie (D:5)
  4 orc wizards
  A killer bee zombie (D:8)
  A hound zombie (D:3)
  A hound skeleton (D:4)
  3 mummies
  2 howler monkey zombies
  A howler monkey skeleton (D:6)
  5 adders
  2 shadow imps
  2 adder skeletons
  4 adder zombies (Ossuary)
  2 worms
  10 dart slugs
  10 orcs
  3 bats
  6 endoplasms
  2 giant cockroaches (D:2)
  32 goblins
  29 hobgoblins
  8 jackals
  A quokka (D:2)
  4 ball pythons
  3 frilled lizards
  3 gnoll zombies (Ossuary)
  7 hobgoblin zombies (Ossuary)
  11 kobolds
  10 kobold zombies
  3 orc zombies
  10 rats
  A spectral orc (D:7)
343 creatures vanquished.

Vanquished Creatures (collateral kills)
  An orc wizard (D:6)
  3 gnolls (D:3)
  A ball python (D:3)
5 creatures vanquished.

Vanquished Creatures (others)
  An orc (D:8)
  A hobgoblin (D:5)
  7 plants (D:14)
9 creatures vanquished.

Grand Total: 357 creatures vanquished

Notes
Turn   | Place    | Note
-------+----------+-------------------------------------------
     0 | D:1      | Morbidden the Demonspawn Fighter began the quest for the
                  | Orb.
     0 | D:1      | Reached XP level 1. HP: 18/18 MP: 1/1
    40 | D:1      | Found a faded altar of an unknown god.
   366 | D:1      | Gained mutation: You have an unusually large brain. (Int
                  | +2) [demonic ancestry]
   366 | D:1      | Reached XP level 2. HP: 24/24 MP: 2/2
   918 | D:1      | Gained mutation: Spells you cast may paralyse adjacent
                  | enemies. [demonic ancestry]
   918 | D:1      | Reached XP level 3. HP: 6/29 MP: 3/3
  1589 | D:2      | Reached skill level 1 in Dodging
  2181 | D:2      | Gained mutation: You have an extremely huge brain. (Int +4)
                  | [demonic ancestry]
  2181 | D:2      | Reached XP level 4. HP: 35/35 MP: 4/4
  2506 | D:3      | Gained mutation: You may rarely emit foul miasma when
                  | damaged in melee. [demonic ancestry]
  2506 | D:3      | Reached XP level 5. HP: 24/41 MP: 5/5
  2815 | D:3      | Noticed Jessica
  2844 | D:3      | Killed Jessica
  3740 | D:4      | Found a radiant altar of Vehumet.
  3743 | D:4      | Found a sacrificial altar of Ru.
  3749 | D:4      | Gained mutation: You have large cloven feet. [demonic
                  | ancestry]
  3749 | D:4      | Reached XP level 6. HP: 48/48 MP: 6/6
  3750 | D:4      | Found a hide-covered altar of Uskayaw.
  3753 | D:4      | Became a worshipper of Vehumet
  4056 | D:4      | Found a bloodstained altar of Trog.
  4091 | D:4      | Found a sand-covered staircase.
  4110 | Ossuary  | Entered an ossuary
  4625 | Ossuary  | Reached * piety under Vehumet
  4625 | Ossuary  | Offered knowledge of Magic Dart by Vehumet.
  4654 | Ossuary  | Gained mutation: You have an absolutely massive brain. (Int
                  | +6, Wiz) [demonic ancestry]
  4654 | Ossuary  | Reached XP level 7. HP: 54/54 MP: 7/7
  4690 | Ossuary  | Reached skill level 5 in Long Blades
  5008 | D:4      | Reached skill level 1 in Stealth
  5011 | D:4      | Reached ** piety under Vehumet
  5125 | D:4      | Offered knowledge of Poisonous Vapours by Vehumet.
  5386 | D:4      | Found a staircase to the Ecumenical Temple.
  5797 | D:5      | Entered Level 5 of the Dungeon
  5911 | D:5      | Gained mutation: You have hoof-like feet. [demonic
                  | ancestry]
  5911 | D:5      | Reached XP level 8. HP: 47/61 MP: 8/8
  6204 | D:5      | Noticed Dowan
  6204 | D:5      | Offered knowledge of Ignite Poison by Vehumet.
  6205 | D:5      | Noticed Duvessa
  6219 | D:5      | Killed Dowan
  6220 | D:5      | Reached skill level 1 in Spellcasting
  6236 | D:5      | Killed Duvessa
  6237 | D:5      | Reached skill level 5 in Fighting
  6556 | D:5      | Reached *** piety under Vehumet
  6747 | D:5      | Identified the +2 cloak of Defence {Str+2}
  6897 | D:5      | Offered knowledge of Frozen Ramparts by Vehumet.
  7876 | D:5      | Reached skill level 1 in Crossbows
  7876 | D:5      | Gained mutation: You have hooves in place of feet. [demonic
                  | ancestry]
  7876 | D:5      | Reached XP level 9. HP: 68/68 MP: 12/12
  8242 | D:6      | Reached **** piety under Vehumet
  8462 | D:6      | Found an iron altar of Okawaru.
  8982 | D:6      | Offered knowledge of Irradiate by Vehumet.
  8995 | D:6      | Learned a level 5 spell: Irradiate
  9812 | D:6      | Found an opulent altar of Gozag.
 10037 | D:7      | Found a snail-covered altar of Cheibriados.
 10196 | D:7      | Reached skill level 1 in Conjurations
 10196 | D:7      | Reached skill level 1 in Transmutations
 10394 | D:7      | Found a hazy altar of Hepliaklqana.
 10576 | D:8      | Noticed a two-headed ogre
 10596 | D:8      | Killed a two-headed ogre
 10597 | D:8      | Reached XP level 10. HP: 36/77 MP: 15/15
 10934 | D:8      | Found a blossoming altar of Fedhas.
 11119 | D:8      | Found Liuwo's Weapon Emporium.
 11783 | D:8      | Found a broken altar of Ashenzari.
 11787 | D:8      | Saw a vision of the Swamp and the Snake Pit.
 11787 | D:8      | Noticed a naga warrior
 11787 | D:8      | Noticed a naga warrior
 11787 | D:8      | Noticed a black mamba
 11787 | D:8      | Noticed a black mamba
 11787 | D:8      | Noticed a naga ritualist
 11787 | D:8      | Noticed an anaconda
 11788 | D:8      | Noticed a black mamba
 11789 | D:8      | Noticed an alligator
 11789 | D:8      | Noticed a guardian serpent
 11926 | D:8      | Found a basalt altar of Yredelemnul.
 12296 | D:8      | Reached skill level 5 in Dodging
 12399 | D:8      | Found a shimmering blue altar of Sif Muna.
 12399 | D:8      | Found a stormy altar of Qazlal.
 12511 | D:9      | Found Nyezis's Assorted Antiques.
 12545 | D:9      | Bought a brass ring for 140 gold pieces
 12616 | D:9      | Found a staircase to the Lair.
 12793 | D:9      | Reached skill level 1 in Short Blades
 13161 | D:9      | Reached skill level 5 in Shields
 13196 | D:9      | Reached ***** piety under Vehumet
 13196 | D:9      | Offered knowledge of Orb of Destruction by Vehumet.
 14431 | D:9      | Learned a level 1 spell: Magic Dart
 14439 | D:9      | Learned a level 7 spell: Orb of Destruction
 14563 | D:10     | Entered Level 10 of the Dungeon
 14587 | D:9      | Gained mutation: Spells you cast may paralyse nearby
                  | enemies. [demonic ancestry]
 14587 | D:9      | Reached XP level 11. HP: 40/85 MP: 17/17
 14896 | D:10     | Identified the +11 rapier "Ygreu" {venom, rC+ Str+4}
 14967 | D:10     | Found a shimmering altar of Xom.
 14970 | D:10     | Found the +7 mace of Variability {chain chaos}
 15561 | D:10     | Noticed a green ugly thing
 15596 | D:10     | Killed a green ugly thing
 16154 | D:10     | Noticed a two-headed ogre
 16168 | D:10     | Killed a two-headed ogre
 16423 | D:10     | You fall into a shaft and drop 3 floors!
 16477 | D:13     | Noticed a glowing orange brain
 16493 | D:13     | Killed a glowing orange brain
 16553 | D:13     | Noticed a centaur warrior
 16571 | D:13     | Killed a centaur warrior
 16646 | D:13     | Noticed a tengu warrior
 16680 | D:12     | Noticed a six-headed hydra
 17163 | D:12     | Noticed a skeletal warrior
 17183 | D:13     | Noticed a centaur warrior
 17192 | D:13     | Killed a centaur warrior
 17193 | D:13     | Reached skill level 5 in Spellcasting
 17314 | D:13     | Noticed a brown ugly thing
 17318 | D:13     | Killed a brown ugly thing
 17426 | D:13     | Noticed a deep elf pyromancer
 17432 | D:13     | Noticed a tengu warrior
 17490 | D:14     | You fall into a shaft and drop 1 floor!
 17490 | D:15     | Entered Level 15 of the Dungeon
 17491 | D:15     | Noticed a wizard
 17491 | D:15     | Killed a wizard
 17492 | D:15     | Gained mutation: Your maledictions are enhanced. [demonic
                  | ancestry]
 17492 | D:15     | Reached XP level 12. HP: 25/94 MP: 19/19
 17506 | D:15     | Noticed Josephine
 17509 | D:15     | HP: 2/94 [deep elf zephyrmancer/bolt of lightning (22)]
 17511 | D:15     | Succumbed to Josephine's poison

Illustrated notes

Levels and vault maps discovered:
D:1:      psy_arrival_fountain, layout_basic, ebering_ecumenical_altar_mist,
          minmay_tetromino_i4
D:2:      layout_basic, minmay_fractal_squares_5
D:3:      layout_basic, minmay_misc_feat_x, glass_columns_a,
          cheibrodos_gnoll_hut, uniq_jessica
D:4:      kennysheep_slugbush, layout_loops_corners, grunt_temple_overflow_open,
          lemuel_round_altar, minmay_temple_entry_mini_moons,
          nicolae_ossuary_entry_giza, hangedman_decor_clover_reticule
D:5:      minmay_goblin_kobold_castle, layout_basic,
          lemuel_coloured_pillars_altar, uniq_duvessa
D:6:      layout_layer_cave, kennysheep_mini_moat,
          nicolae_overflow_hidden_temple
D:7:      layout_rooms, slow_altar_1, nicolae_hepliaklqana_monster_ancestors
D:8:      layout_gridville, overflow_temple_1_default, grunt_ashenzari_visionary
          [grunt_ashenzari_visionary_swamp, grunt_ashenzari_visionary_snake],
          lemuel_tele_altar, gammafunk_temple_overflow_wave, serial_shops, shop
D:9:      layout_basic, zin_treasury, lair_entry_dummy, special_room
          [special_room_bee], serial_shops, nicolae_shop_stone
D:10:     layout_irregular_city, lemuel_doored_altar,
          minmay_guarded_unrand_variability
D:12:     layout_loops_cross
D:13:     layout_irregular_city, david_vaults_4, minmay_between
D:14:     layout_loops_cross, kennysheep_boxes, portal_ice_cave_demonic_guard,
          minmay_pinched_square
D:15:     grunt_enter_depths_magical_seal, layout_rooms, serial_shops, shop,
          minmay_misc_feat_ornament, chequers_mini_garden, chequers_big_river,
          uniq_louise, uniq_rupert, uniq_josephine

Skill      XL: |  1  2  3  4  5  6  7  8  9 10 11 12 |
---------------+-------------------------------------+-----
Long Blades    | 2 3 4 6 7 8 |  8.8
Armour         | 3 4 |  4.5
Dodging        | 1 2 3 4 5 6 7 |  7.0
Shields        | 3 4 5 |  5.9
Fighting       | 4 5 6 7 8 |  8.6
Stealth        | 1 2 3 |  3.7
Spellcasting   | 2 3 4 5 |  5.1
Crossbows      | 1 3 4 |  4.3
Conjurations   | 1 3 4 |  4.8
Transmutations | 1 3 |  3.0
Short Blades   | 1 3 |  3.5
Throwing       | |  0.7
Evocations     | |  0.7

Action                   |  1- 3 |  4- 6 |  7- 9 | 10-12 || total
-------------------------+-------+-------+-------+-------++-------
Melee: Long sword        |    95 |   164 |   370 |   158 ||   787
       Dagger            |       |    49 |     4 |    45 ||    98
       Kick              |       |    34 |   130 |   142 ||   306
       Rapier            |       |       |       |   122 ||   122
 Fire: Hand crossbow     |       |       |   102 |    26 ||   128
Throw: Dart              |       |     1 |     3 |    22 ||    26
 Cast: Magic Dart        |       |       |       |    41 ||    41
Evoke: Wand              |       |     3 |     8 |     3 ||    14
  Use: Potion            |       |     2 |     2 |    17 ||    21
       Scroll            |       |     5 |       |     5 ||    10
 Stab: Paralysed         |       |     7 |     5 |    15 ||    27
       Invisible         |       |       |       |     2 ||     2
       Sleeping          |       |       |       |     2 ||     2
       Distracted        |       |       |       |     1 ||     1
Armor: Scale mail        |    49 |    80 |   165 |       ||   294
       Skin              |       |     3 |       |    28 ||    31
       Steam dragon scal |       |       |    30 |   126 ||   156
Dodge: Dodged            |    38 |    66 |   154 |   187 ||   445
Block: Kite shield       |    54 |    79 |   250 |   220 ||   603
       Rpst.: Long sword |    13 |    18 |    34 |    25 ||    90

Table legend: (Time is in decaauts)
 A = Elapsed time spent in this place.
 B = Non-inter-level travel time spent in this place.
 C = Inter-level travel time spent in this place.
 D = Time resting spent in this place.
 E = Time spent auto-exploring this place.
 F = Levels seen in this place.
 G = Mean time per level.
                   A        B        C        D        E       F      G
               +--------+--------+--------+--------+--------+-----+--------+
         Total |  17908 |  17397 |    511 |   3932 |  10138 |  15 | 1193.9 |
       Dungeon |  17104 |  16593 |    511 |   3573 |   9902 |  14 | 1221.7 |
       Ossuary |    803 |    803 |      0 |    359 |    236 |   1 |  803.0 |
               +--------+--------+--------+--------+--------+-----+--------+

Top non-repeatable levels by time:
     D:9: 3206 daAuts
     D:5: 2414 daAuts
     D:6: 1835 daAuts
     D:8: 1652 daAuts
     D:3: 1503 daAuts
     D:4: 1397 daAuts
     D:1: 1314 daAuts
     D:2: 1019 daAuts
     D:7: 864 daAuts
 Ossuary: 803 daAuts
    D:10: 796 daAuts
    D:13: 533 daAuts
    D:12: 498 daAuts
    D:14: 42 daAuts
    D:15: 25 daAuts
